 Dungeon Crawl Stone Soup version 0.18.1-8-gdd0e5ea (webtiles) character file.

4839 georgeearnest the Grappler (level 10, 0/100 HPs)
             Began as a Troll Monk on June 4, 2016.
             Was an Elder of Makhleb.
             Slain by a killer bee (3 damage)
             ... on level 9 of the Dungeon.
             The game lasted 00:16:54 (6981 turns).

georgeearnest the Grappler (Troll Monk)             Turns: 6981, Time: 00:16:55

Health: 0/100      AC:  7    Str: 21    XL:     10   Next: 25%
Magic:  9/9        EV: 14    Int:  6    God:    Makhleb [****..]
Gold:   496        SH:  0    Dex: 15    Spells: 0 memorised, 9 levels left

rFire  . . .     SeeInvis .       - Unarmed
rCold  + . .     Gourm    +     v - +2 robe {rC+}
rNeg   . . .     Faith    .     (no shield)
rPois  .         Spirit   .     (helmet restricted)
rElec  .         Dismiss  .     (no cloak)
rCorr  .         Reflect  .     (gloves unavailable)
SustAt .         Harm     .     (boots unavailable)
MR     .....                    i - amulet of regeneration
Stlth  ++........               (no ring)
                                (no ring)

@: lethally poisoned (0 -> -4), heavily drained, not resistant to hostile
enchantments, unstealthy
A: unfitting armour, claws 3, fast metabolism 3, gourmand, regeneration 2,
shaggy fur 1, tough skin 2
a: Minor Destruction, Lesser Servant of Makhleb, Major Destruction, Renounce
Religion


You were on level 9 of the Dungeon.
You worshipped Makhleb.
Makhleb was greatly pleased with you.
You were not hungry.

You visited 1 branch of the dungeon, and saw 9 of its levels.
You also visited: Sewer.

You collected 496 gold pieces.

Inventory:

Armour
 a - a +0 robe
 v - a +2 robe of cold resistance (worn)
Jewellery
 c - an uncursed ring of wizardry
 h - an uncursed amulet of the gourmand {unknown}
 i - an amulet of regeneration (around neck)
 y - an uncursed ring of poison resistance {unknown}
 O - an uncursed amulet of dismissal {unknown}
Wands
 G - a wand of random effects (15/48)
 I - a wand of slowing (21/48)
 K - a wand of enslavement (7/24)
 N - a wand of slowing (35/48)
Scrolls
 d - 4 scrolls of magic mapping {unknown}
 e - 4 scrolls of enchant weapon {unknown}
 f - a scroll of remove curse
 k - a scroll of recharging
 l - 4 scrolls of teleportation {unknown}
 n - 2 scrolls of amnesia {unknown}
 o - 3 scrolls of random uselessness {unknown}
 p - 8 scrolls of identify
 u - 2 scrolls of blinking {unknown}
 w - 2 scrolls of immolation {unknown}
 x - 3 scrolls of fear {unknown}
 L - a scroll of fog {unknown}
 M - a scroll of noise {unknown}
Potions
 g - a potion of agility
 m - a potion of invisibility
 r - a potion of flight {unknown}
 z - 2 potions of magic {unknown}
 A - 2 potions of haste {unknown}
 B - 2 potions of curing {unknown}
 C - 6 potions of degeneration {unknown}
 F - a potion of heal wounds
 H - a potion of berserk rage {unknown}
 J - a potion of mutation {unknown}
Books
 D - a book of Clouds

   Spells                             Type                      Level
   a - Mephitic Cloud                 Conjuration/Poison/Air       3
   b - Conjure Flame                  Conjuration/Fire             3
   c - Poisonous Cloud                Conjuration/Poison/Air       6
   d - Freezing Cloud                 Conjuration/Ice/Air          6
   e - Ring of Flames                 Charms/Fire                  7
 P - a book of Annihilations

   Spells                             Type                      Level
   a - Poison Arrow                   Conjuration/Poison           6
   b - Chain Lightning                Conjuration/Air              8
   c - Lehudib's Crystal Spear        Conjuration/Earth            8
   d - Glaciate                       Conjuration/Ice              9
   e - Fire Storm                     Conjuration/Fire             9
 Q - a Grand Grimoire

   Spells                             Type                      Level
   a - Monstrous Menagerie            Summoning                    7
   b - Summon Greater Demon           Summoning                    7
   c - Malign Gateway                 Summoning/Translocation      7
   d - Summon Horrible Things         Summoning                    8
Comestibles
 b - 9 bread rations
 j - 6 fruits
 q - 9 beef jerkies
 s - 2 royal jellies
 t - 5 meat rations
 E - a slice of pizza


   Skills:
 + Level 6.4(5.1) Fighting
 + Level 8.5(7.1) Dodging
 + Level 3.1(1.8) Stealth
 + Level 9.1(7.6) Unarmed Combat


You had 9 spell levels left.
You didn't know any spells.

Dungeon Overview and Level Annotations

Branches:
Dungeon (9/15)             Temple (0/1) D:7            Lair (0/8) D:8
    Orc: D:9-12

Altars:
Ashenzari
Cheibriados
Dithmenos
Makhleb
Nemelex Xobeh
Okawaru
Ru
Sif Muna
Trog
Xom
Yredelemnul
Zin
The Shining One


Innate Abilities, Weirdness & Mutations

You are too large for most types of armour.
You have claws for hands.
Your metabolism is lightning-fast.
You like to eat raw meat.
You heal very quickly.
You are covered in fur (AC +1).
You have very tough skin (AC +2).


Message History

Read which item? (? for menu, Esc to quit)
As you read the scroll labeled HEEC CULECAKHLOUR, it crumbles to dust.
It is a scroll of recharging.
Charge which item? (? for menu, Esc to quit)
Really abort (and waste the scroll)? [Y]es or [N]o only, please.
Really abort (and waste the scroll)?
Uppercase [Y]es or [N]o only, please.
Really abort (and waste the scroll)?
Okay, then.
You feel sick. The killer bee barely misses you. The killer bee stings you.
* * * LOW HITPOINT WARNING * * *
The killer bee barely misses you. The killer bee closely misses you.
The killer bee stings you.
* * * LOW HITPOINT WARNING * * *
You are lethally poisoned!
The killer bee poisons you!
The killer bee stings you but does no damage.
The killer bee stings you.
You die...

......# #..(......... ......#
#............ ...####
#...........# ...#
###oo.#........ ...# #####
####.....#........ ...#
#...######.................
..#####...#...##co..............#
....#.....#...##yy...............
....#.........#.@yy..............
................yy...............
.................................
.................................
...#........#.....#..............
...#............###..............
...#.............................
......###........................
......##...............#.........


You could see a centaur, 6 killer bees and 3 orcs.

Vanquished Creatures
  A two-headed ogre (D:9)
  Prince Ribbit (D:8)
  Grinder (D:6)
  Sigmund (D:6)
  Duvessa (D:6)
  An orc warrior (D:9)
  A phantom (D:9)
  4 sky beasts
  2 ice beasts
  A necrophage (D:9)
  5 centaurs
  4 ogres
  Blork the orc (D:4)
  2 big kobolds (Sewer)
  A giant frog (D:7)
  A wyvern skeleton (D:7)
  6 scorpions
  Dowan (D:6)
  9 killer bees
  2 howler monkeys
  A crimson imp (D:6)
  2 jellies (D:5)
  5 orc priests
  4 hounds
  A giant frog zombie (D:6)
  2 centaur skeletons
  3 iguanas
  8 orc wizards
  6 worker ants
  A killer bee zombie (D:9)
  A hound skeleton (D:7)
  A worker ant zombie (D:7)
  13 adders
  A river rat (Sewer)
  A shadow imp (D:5)
  3 oozes
  An adder zombie (D:5)
  2 worms
  2 dart slugs
  5 giant geckos
  30 orcs
  3 ball pythons (Sewer)
  8 giant cockroaches
  5 hobgoblins
  15 jackals
  3 quokkas
  5 bats
  5 giant newts
  9 goblins
  A goblin skeleton (D:5)
  A goblin zombie (D:5)
  3 hobgoblin zombies (D:5)
  A jackal skeleton (D:5)
  8 kobolds
  2 kobold zombies (D:5)
  3 rats
211 creatures vanquished.

Vanquished Creatures (others)
  An orc wizard (D:3)
  A jackal (D:4)
2 creatures vanquished.

Grand Total: 213 creatures vanquished

Notes
Turn   | Place    | Note
--------------------------------------------------------------
     0 | D:1      | georgeearnest the Troll Monk began the quest for the Orb.
     0 | D:1      | Reached XP level 1. HP: 22/22 MP: 0/0
   447 | D:1      | Reached XP level 2. HP: 28/29 MP: 1/1
   720 | D:2      | Found a bloodstained altar of Trog.
   951 | D:2      | Found a sacrificial altar of Ru.
  1017 | D:2      | Reached XP level 3. HP: 36/36 MP: 2/2
  1131 | D:2      | Found a basalt altar of Yredelemnul.
  1760 | D:3      | Reached XP level 4. HP: 44/44 MP: 3/3
  2074 | D:3      | Reached XP level 5. HP: 49/53 MP: 4/4
  2606 | D:3      | Reached skill level 5 in Unarmed Combat
  2606 | D:3      | Reached XP level 6. HP: 45/61 MP: 5/5
  2809 | D:4      | Found a glowing silver altar of Zin.
  2818 | D:4      | Noticed Blork the orc
  2831 | D:4      | Killed Blork the orc
  3062 | D:4      | Found a glowing drain.
  3072 | Sewer    | Entered a sewer
  3091 | Sewer    | Reached XP level 7. HP: 67/67 MP: 6/6
  3210 | Sewer    | Reached skill level 5 in Dodging
  3391 | D:4      | Found a snail-covered altar of Cheibriados.
  3446 | D:4      | Found a burning altar of Makhleb.
  3465 | D:4      | Became a worshipper of Makhleb the Destroyer
  3465 | D:4      | Reached * piety under Makhleb
  3465 | D:4      | Reached ** piety under Makhleb
  3696 | D:5      | Entered Level 5 of the Dungeon
  3793 | D:5      | Reached skill level 6 in Unarmed Combat
  3918 | D:5      | Found a glowing golden altar of the Shining One.
  4030 | D:5      | Reached XP level 8. HP: 56/78 MP: 7/7
  4703 | D:6      | Reached *** piety under Makhleb
  4714 | D:6      | Noticed Sigmund
  4724 | D:6      | Killed Sigmund
  4724 | D:6      | Reached skill level 7 in Unarmed Combat
  4772 | D:6      | Reached skill level 5 in Fighting
  4775 | D:6      | Noticed Duvessa
  4775 | D:6      | Noticed Dowan
  4783 | D:6      | Killed Dowan
  4789 | D:6      | Killed Duvessa
  4860 | D:6      | Noticed Grinder
  4876 | D:6      | Reached XP level 9. HP: 60/88 MP: 8/8
  4884 | D:6      | Paralysed by something for 6 turns
  4919 | D:6      | Paralysed by Grinder for 2 turns
  4922 | D:6      | Killed Grinder
  5133 | D:6      | You fall through a shaft for 2 floors!
  5234 | D:8      | Found a sparkling altar of Nemelex Xobeh.
  5420 | D:8      | Found a staircase to the Lair.
  5476 | D:8      | Noticed Prince Ribbit
  5485 | D:8      | Reached skill level 8 in Unarmed Combat
  5520 | D:8      | Found a shattered altar of Ashenzari.
  5523 | D:8      | Killed Prince Ribbit
  5644 | D:7      | Found a shadowy altar of Dithmenos.
  5644 | D:7      | Found an iron altar of Okawaru.
  5645 | D:7      | Found a deep blue altar of Sif Muna.
  5764 | D:7      | Reached **** piety under Makhleb
  5811 | D:7      | Found a burning altar of Makhleb.
  5831 | D:7      | Found a staircase to the Ecumenical Temple.
  6300 | D:7      | Reached XP level 10. HP: 98/98 MP: 9/9
  6362 | D:9      | Found a shimmering altar of Xom.
  6480 | D:9      | Reached skill level 9 in Unarmed Combat
  6981 | D:9      | HP: 4/100 [killer bee (3)]
  6981 | D:9      | Slain by a killer bee

Skill      XL: |  1  2  3  4  5  6  7  8  9 10 |
---------------+-------------------------------+-----
Dodging        | 3 4 5 6 8 |  8.5
Fighting       | 3 4 5 6 |  6.4
Unarmed Combat | 5 6 7 8 9 |  9.1
Stealth        | 2 3 |  3.1

Action                   |  1- 3 |  4- 6 |  7- 9 | 10-12 || total
-------------------------+-------+-------+-------+-------++-------
Melee: Unarmed           |   109 |   154 |   344 |    77 ||   684
       Punch             |     2 |     2 |    11 |     1 ||    16
  Use: Scroll            |     1 |       |       |     2 ||     3
       Potion            |       |       |     3 |     1 ||     4
 Stab: Sleeping          |       |     1 |     4 |       ||     5
       Distracted        |       |       |     1 |       ||     1
  Eat: Chunk             |    12 |    20 |    23 |     9 ||    64
       Beef jerky        |     1 |       |       |       ||     1
       Pizza             |       |       |       |     1 ||     1
Armor: Robe              |    54 |    90 |   100 |    32 ||   276
Dodge: Dodged            |    79 |   122 |   231 |   131 ||   563
